 Dungeon Crawl Stone Soup version 0.19-a0-1626-g5215c36 (webtiles) character file.

56 jacquesderrida the Insei (level 3, -1/18 HPs)
             Began as a Vine Stalker Skald on Sept 18, 2016.
             Slain by an orc (2 damage)
             ... on level 4 of the Dungeon.
             The game lasted 00:02:37 (815 turns).

jacquesderrida the Insei (Vine Stalker Skald)        Turns: 815, Time: 00:02:38

Health: -1/18      AC:  4    Str: 14    XL:     3   Next: 97%
Magic:  0/7        EV: 11    Int: 12    God:
Gold:   28         SH:  0    Dex: 16    Spells: 1 memorised, 5 levels left

rFire  . . .     SeeInvis .       - Unarmed
rCold  . . .     Gourm    .     a - +0 leather armour
rNeg   . . .     Faith    .     (no shield)
rPois  .         Spirit   +     (no helmet)
rElec  .         Dismiss  .     d - +0 cloak
rCorr  .         Reflect  .     (no gloves)
MR     .....     Harm     .     (no boots)
Stlth  +.........               (no amulet)
                                (no ring)
                                (no ring)

@: no status effects
A: fangs 2, agile 1, magic shield, antimagic bite, no device heal 3, rot
immunity
a: no special abilities


You were on level 4 of the Dungeon.
You were not hungry.

You visited 1 branch of the dungeon, and saw 4 of its levels.

You collected 28 gold pieces.

Inventory:

Hand Weapons
 l - a +0 longbow
Armour
 a - a +0 leather armour (worn)
 d - a +0 cloak (worn)
Scrolls
 e - a scroll of magic mapping {unknown}
 g - a scroll of enchant armour {unknown}
 k - a scroll of remove curse {unknown}
Books
 b - a book of Battle

   Spells                             Type                      Level
   a - Infusion                       Charms                       1
   b - Shroud of Golubria             Charms/Translocation         2
   c - Song of Slaying                Charms                       2
   d - Spectral Weapon                Hexes/Charms                 3
   e - Regeneration                   Charms/Necromancy            3
Comestibles
 c - 4 bread rations
 i - a beef jerky
 j - a meat ration


   Skills:
 - Level 1.7 Fighting
 - Level 0.7 Armour
 - Level 0.7 Dodging
 + Level 4.1 Unarmed Combat
 - Level 2.1 Spellcasting
 - Level 3.0 Charms


You had 5 spell levels left.
You knew the following spells:

 Your Spells              Type           Power        Failure   Level  Hunger
a - Infusion              Chrm           #...         12%         1    ##.....


Dungeon Overview and Level Annotations

Branches:
Dungeon (4/15)
 Temple: D:4-7

Altars:
Qazlal

Annotations:
D:1 1 runed door
D:4 Natasha


Innate Abilities, Weirdness & Mutations

You have extremely sharp teeth.
When hurt, damage is shared between your health and your magic reserves.
Your bite disrupts and absorbs the magic of your enemies.
Potions and wands cannot restore your health.
You are immune to rotting.
You are agile. (Dex +2)


Message History

An orc priest comes into view. It is wielding a club.
The orc hits you with a trident!
* * * LOW HITPOINT WARNING * * *
The orc priest miscasts a cantrip.
The orc misses you.
The hound barks!
The orc barely misses you.
The orc wizard hits you but does no damage.
Found a glowing garnet amulet.
The orc wizard mumbles some strange words.
The orc wizard blinks!
The orc priest calls down the wrath of Beogh upon you.
Beogh smites you!
* * * LOW HITPOINT WARNING * * *
The hound completely misses you.
The orc priest looks satisfied for a moment.
There is a stone staircase leading down here.
Unknown command.
The hound closely misses you. The orc hits you.
You die...

####<.........
##..(....[.....#
##....o.........#
#.).............
#.............##.
#................
#........o.......
#........oh......
#........@.......
#..........o.....
#................
#................
#................
#..........".##.
##.....#######
####.#


You could see a hound, an orc priest, an orc wizard and 2 orcs.

Vanquished Creatures
  A howler monkey (D:4)
  2 leopard geckos
  A ball python (D:3)
  A giant cockroach (D:3)
  A goblin (D:3)
  A hobgoblin (D:3)
  2 kobolds (D:1)
  2 bats
  2 frilled lizards
  A quokka skeleton (D:4)
  4 rats
18 creatures vanquished.

Vanquished Creatures (others)
  A kobold (D:2)
1 creature vanquished.

Grand Total: 19 creatures vanquished

Notes
Turn   | Place    | Note
-------+----------+-------------------------------------------
     0 | D:1      | jacquesderrida the Vine Stalker Skald began the quest for the Orb.
     0 | D:1      | Reached XP level 1. HP: 11/11 MP: 4/4
     1 | D:1      | Found a runed door.
     2 | D:1      | Noticed a jelly
   301 | D:2      | Found a stormy altar of Qazlal.
   367 | D:2      | Reached XP level 2. HP: 10/15 MP: 6/6
   424 | D:3      | Found a faded altar of an unknown god.
   597 | D:3      | Reached skill level 3 in Unarmed Combat
   667 | D:4      | Noticed a howler monkey
   670 | D:4      | Gained mutation: You are agile. (Dex +2) [potion of beneficial mutation]
   679 | D:4      | Killed a howler monkey
   679 | D:4      | Reached skill level 4 in Unarmed Combat
   679 | D:4      | Reached XP level 3. HP: 6/18 MP: 3/7
   682 | D:4      | Noticed Natasha
   815 | D:4      | Slain by an orc

Vault maps used:
D:1:      dpeg_arrival_caged_fury
D:2:      kennysheep_the_goblin_king, old_standard_altar, fiery_altar_vehumet,
          minitemple, minivault_26
D:3:      first_bread, ecumenical_altar_2, uniq_iyjb
D:4:      nicolae_overflow_crystal_walls, cheibrodos_gnoll_hut, uniq_natasha

Skill      XL: |  1  2 |
---------------+-------+-----
Unarmed Combat | 4 |  4.1
Fighting       | |  1.7
Armour         | |  0.7
Dodging        | |  0.7
Spellcasting   | |  2.1
Charms         | |  3.0

Action                   || total
-------------------------++-------
Melee: Unarmed           ||    65
       Bite              ||    10
       Punch             ||     1
 Cast: Infusion          ||     2
  Use: Potion            ||     2
 Stab: Sleeping          ||     1
Armor: Leather armour    ||    18
Dodge: Dodged            ||    47
